 Dungeon Crawl Stone Soup version 0.28-a0-802-g09f76e8c00 (webtiles) character file.

Game seed: 10384334239264525794

17494 flotson the Fighter (level 12, -6/94 HPs)
             Began as a Demonspawn Delver on Nov 7, 2021.
             Was an Initiate of Gozag.
             Mangled by an eight-headed hydra (10 damage)
             ... on level 1 of the Lair of Beasts.
             The game lasted 00:46:21 (22454 turns).

flotson the Fighter (Demonspawn Delver)            Turns: 22454, Time: 00:46:22

Health: -6/94      AC: 15    Str: 17    XL:     12   Next: 19%
Magic:  12/12      EV: 19    Int: 12    God:    Gozag
Gold:   2041       SH: 13    Dex: 27    Spells: 11/11 levels left

rFire   . . .      SeeInvis .   a - +0 broad axe
rCold   . . .      Faith    .   G - +0 kite shield
rNeg    . . .      Spirit   .   i - +5 scale mail "Riodaomo" {Rampage rCorr}
rPois   +          Reflect  .   j - +0 helmet
rElec   .          Harm     .   M - scarf {repulsion}
rCorr   +          Rampage  +   (no gloves)
Will    .....                   y - +0 pair of boots
Stlth   +++++.....              D - amulet of the acrobat
HPRegen 0.25/turn               l - ring of poison resistance
MPRegen 0.13/turn               z - +6 ring of dexterity

@: agile, studying 2 skills, repel missiles
A: claws 1, thin skeletal structure 3, demonic guardian 2, powered by pain 2
a: Renounce Religion, Potion Petition, Call Merchant, Bribe Branch


You were on level 1 of the Lair of Beasts.
You worshipped Gozag.
Gozag was most pleased with you.
You visited 3 branches of the dungeon, and saw 13 of its levels.
You also visited: Bailey.

You collected 2334 gold pieces.
You spent 220 gold pieces at shops.
You paid 73 gold pieces to Gozag.

Inventory:

Hand Weapons
 a - a +0 broad axe (weapon)
 b - a +1 hunting sling of freezing
 q - a +3 trident
 L - a +3 scimitar of flaming
Missiles
 f - 110 poisoned darts (quivered)
 v - 11 sling bullets
 B - 3 throwing nets
 O - 2 boomerangs
Armour
 i - the +5 scale mail "Riodaomo" (worn) {Rampage rCorr}
   (You found it on level 5 of the Dungeon)

   rCorr:     It protects you from acid and corrosion.
   Rampage:   It bestows one free step when moving towards enemies.
 j - a +0 helmet (worn)
 y - a +0 pair of boots (worn)
 C - the +8 chain mail of Theory {Rampage}
   (You found it on level 6 of the Dungeon)

   Rampage:   It bestows one free step when moving towards enemies.
 G - a +0 kite shield (worn)
 H - a +0 ring mail of fire resistance
 M - a scarf of repulsion (worn)
Jewellery
 h - an amulet of reflection
 l - a ring of poison resistance (left claw)
 z - a +6 ring of dexterity (right claw)
 D - an amulet of the acrobat (around neck)
 I - a ring of flight
Wands
 g - a wand of digging (8)
 u - a wand of polymorph (7)
 N - a wand of flame (10)
 S - a wand of mindburst (8)
Scrolls
 c - 4 scrolls of fog
 d - 4 scrolls of magic mapping
 e - a scroll of amnesia {unknown}
 k - a scroll of silence {unknown}
 r - a scroll of noise {unknown}
 s - a scroll of enchant weapon
 t - a scroll of vulnerability {unknown}
 x - a scroll of teleportation
 A - 3 scrolls of blinking
 J - a scroll of immolation {unknown}
 K - a scroll of summoning
 P - 2 scrolls of enchant armour
Potions
 n - 2 potions of attraction
 o - a potion of curing
 p - 2 potions of lignification
 E - 3 potions of heal wounds
 F - a potion of invisibility
 Q - 8 potions of ambrosia
 R - 2 potions of might
 T - a potion of berserk rage
Miscellaneous
 m - a tin of tremorstones (2/2)


   Skills:
 + Level 8.8 Fighting
 + Level 5.3(5.8) Axes
 - Level 3.5(4.9) Maces & Flails
 + Level 7.2 Throwing
 + Level 8.1 Armour
 + Level 7.7 Dodging
 - Level 4.5 Stealth
 + Level 7.2 Shields
 + Level 7.1 Evocations


You had 11 spell levels left.
You didn't know any spells.
Your spell library contained the following spells:

 Spells                   Type           Power      Damage    Failure   Level
 Apportation              Tloc           0%         N/A       95%         1
 Pain                     Necr           0%         1d4       95%         1
 Stone Arrow              Conj/Erth      0%         3d7       100%        3
 Animate Armour           Summ/Erth      0%         N/A       100%        4
 Summon Ice Beast         Ice/Summ       0%         N/A       100%        4
 Agony                    Necr           0%         N/A       100%        5
 Alistair's Intoxication  Tmut/Pois      0%         N/A       100%        5
 Excruciating Wounds      Necr           0%         N/A       100%        5
 Fireball                 Conj/Fire      0%         3d3       100%        5
 Iskenderun's Battlesphe  Conj           0%         2d6       100%        5
 Summon Mana Viper        Hex/Summ       0%         N/A       100%        5
 Conjure Ball Lightning   Conj/Air       0%         3x3d6     100%        6
 Invisibility             Hex            0%         N/A       100%        6
 Monstrous Menagerie      Summ           0%         N/A       100%        7
 Orb of Destruction       Conj           0%         N/A       100%        7
 Lehudib's Crystal Spear  Conj/Erth      0%         10d2      100%        8


Dungeon Overview and Level Annotations

Branches:
Dungeon (11/15)            Temple (1/1) D:5            Lair (1/6) D:11
    Orc (0/2) D:11         Bailey (visited)

Altars:
Cheibriados
Dithmenos
Elyvilon
Fedhas
Gozag
Hepliaklqana
Kikubaaqudgha
Nemelex Xobeh
Okawaru
Qazlal
Ru
Sif Muna
Uskayaw
Wu Jian
Xom
Yredelemnul
Zin

Shops:
D:5 :   D:8 *


Innate Abilities, Weirdness & Mutations

You have sharp fingernails.
You have an unnaturally thin skeletal structure. (Dex +6, Stealth+++)
A demonic guardian rushes to your aid.
You sometimes gain power by taking damage.


Message History

The eight-headed hydra bites you but does no damage.
The eight-headed hydra bites you.
The eight-headed hydra completely misses you.
The eight-headed hydra closely misses you.
The eight-headed hydra misses you.
The eight-headed hydra closely misses you.
The eight-headed hydra bites you!
You block the eight-headed hydra's attack.
You block the eight-headed hydra's attack.
The eight-headed hydra misses you.
The eight-headed hydra completely misses you.
You block the eight-headed hydra's attack.
The eight-headed hydra closely misses you. x2
The eight-headed hydra completely misses you.
You block the eight-headed hydra's attack.
The komodo dragon misses you.
Blink to where?
Press: ? - help, Dir - move target
As you read the scroll of blinking, it crumbles to dust.
You block the eight-headed hydra's attack. x2
The eight-headed hydra bites you. The eight-headed hydra bites you!
* * * LOW HITPOINT WARNING * * *
The eight-headed hydra bites you!
* * * LOW HITPOINT WARNING * * *
A demonic guardian appears!
The eight-headed hydra bites you but does no damage.
The eight-headed hydra barely misses you.
The eight-headed hydra bites you.
* * * LOW HITPOINT WARNING * * *
You block the eight-headed hydra's attack.
The eight-headed hydra misses you.
The eight-headed hydra barely misses you.
The eight-headed hydra bites you.
* * * LOW HITPOINT WARNING * * *
The eight-headed hydra bites you but does no damage.
The eight-headed hydra misses you.
The eight-headed hydra barely misses you.
The eight-headed hydra bites you!
You die...
Your body crumbles into a pile of gold.

##...)...............## #.
##...................># ##.
......................# #..
...............≈≈.....# ##.
#...P..P##.#.≈≈≈≈≈≈≈≈.# ##.
##..#........≈≈≈≈≈≈Y≈.#########..
#..#......≈≈≈≈≈≈≈≈YY............
#.. #.......≈≈≈≈≈D§≈≈............
## #.......≈≈≈.@l≈≈≈..........##
#......≈≈≈≈≈..≈≈≈....Y.....#
#......≈≈≈≈≈3≈≈≈≈.....###..#
#.......≈≈≈≈≈≈≈≈≈.....####.#
+........≈≈≈≈≈≈........# #.##
.......≈≈..#......# #..#
...P...##≈#......####...
.................# #.(##
##P..#########..####F#


You could see an eight-headed hydra, a komodo dragon (ally target), 3 yaks and a
friendly smoke demon (summoned).

Vanquished Creatures
  A boulder beetle (D:9)
  A hydra (Lair:1)
  Erica (D:8)
  An orc knight (Bailey)
  2 cyclopes (D:11)
  A black mamba (Lair:1)
  2 centaur zombies (D:10)
  3 elephants
  A cane toad (Lair:1)
  A gargoyle (D:6)
  Maggie (D:8)
  A kobold demonologist (D:6)
  Psyche (D:11)
  A troll (D:9)
  A queen bee (D:9)
  Prince Ribbit (D:6)
  Grinder (D:6)
  A shadow (D:8)
  The ghost of gimp the Sneak, an amateur SpWn (D:5)
  The ghost of Leeroy the Ruffian, an amateur DrTm (D:3)
  3 humans
  3 steam dragons
  2 basilisks (D:11)
  A wyvern (D:10)
  Menkaure (D:7)
  An acid dragon (D:11)
  7 water moccasins
  3 sky beasts
  16 orc warriors
  2 black bears
  A hornet zombie (D:7)
  3 wolves
  2 necrophages
  4 centaurs
  A phantom (D:5)
  Blork the orc (D:4)
  A kobold brigand (D:8)
  A bullfrog (D:6)
  4 gnoll sergeants (D:8)
  2 scorpions
  14 killer bees
  2 water moccasin skeletons
  6 howler monkeys
  An electric eel (D:10)
  3 gnoll shamans (D:8)
  5 jellies
  5 orc priests
  2 centaur skeletons
  7 hounds
  A bullfrog skeleton (D:7)
  5 iguanas
  12 orc wizards
  A hound zombie (D:5)
  2 howler monkey zombies
  28 gnolls
  11 adders
  A white imp (D:7)
  An ufetubus (D:6)
  2 adder skeletons (D:4)
  A worm (D:2)
  52 orcs
  3 bats
  5 endoplasms
  5 giant cockroaches
  26 goblins
  18 hobgoblins
  3 jackals
  16 kobolds
  4 quokkas
  4 ball pythons
  6 frilled lizards
  9 rats
344 creatures vanquished.

Vanquished Creatures (collateral kills)
  A two-headed ogre (D:10)
  An unseen horror (D:8)
  A rime drake (Lair:1)
  A wraith (D:9)
  A wyvern (D:11)
  A human (D:8)
  An orc warrior (D:9)
  A black bear (D:11)
  An ogre (D:4)
  A gnoll sergeant (D:8)
  A bullfrog skeleton (D:4)
  2 orcs (D:7)
  A ball python (D:3)
  A goblin (D:5)
  A hobgoblin (D:4)
  A frilled lizard (D:4)
17 creatures vanquished.

Vanquished Creatures (others)
  A bush (D:10)
  4 fungi
  28 plants
  2 withered plants (D:5)
35 creatures vanquished.

Grand Total: 396 creatures vanquished

Notes
Turn   | Place    | Note
-------+----------+-------------------------------------------
     0 | D:5      | flotson the Demonspawn Delver began the quest for the Orb.
     0 | D:5      | Reached XP level 1. HP: 18/18 MP: 1/1
     0 | D:5      | Noticed gimp's ghost (amateur SpWn)
    64 | D:5      | Reached skill level 1 in Armour
    64 | D:5      | Gained mutation: You have a somewhat thin skeletal
                  | structure. (Dex +2, Stealth+) [demonic ancestry]
    64 | D:5      | Reached XP level 2. HP: 3/24 MP: 2/2
    64 | D:5      | Reached XP level 3. HP: 4/29 MP: 3/3
   591 | D:4      | Gained mutation: You have sharp fingernails. [demonic
                  | ancestry]
   591 | D:4      | Reached XP level 4. HP: 34/37 MP: 4/4
   657 | D:3      | Found a transporter.
   662 | D:3      | Noticed Leeroy's ghost (amateur DrTm)
   767 | D:3      | Found a transporter.
  1716 | D:1      | Reached skill level 1 in Throwing
  2419 | D:2      | Found a sacrificial altar of Ru.
  2586 | D:2      | Reached XP level 5. HP: 42/42 MP: 5/5
  2874 | D:2      | Reached skill level 1 in Shields
  3105 | D:2      | Found a faded altar of an unknown god.
  3351 | D:4      | Noticed Blork the orc
  3369 | D:4      | Killed Blork the orc
  3370 | D:4      | Gained mutation: A weak demonic guardian rushes to your
                  | aid. [demonic ancestry]
  3370 | D:4      | Reached XP level 6. HP: 9/48 MP: 6/6
  3647 | D:4      | Found a hide-covered altar of Uskayaw.
  3897 | D:4      | Gained mutation: You sometimes gain a little power by
                  | taking damage. [demonic ancestry]
  3897 | D:4      | Reached XP level 7. HP: 29/55 MP: 7/7
  4525 | D:4      | Identified the +4 dagger of Sihael {holy, Fragile rElec
                  | Str+3 Dex+2}
  5076 | D:5      | Identified the +5 scale mail "Riodaomo" {Rampage rCorr}
  5232 | D:5      | Reached skill level 5 in Fighting
  5236 | D:5      | Reached skill level 1 in Evocations
  5468 | D:5      | Found a staircase to the Ecumenical Temple.
  5543 | D:5      | Reached XP level 8. HP: 30/62 MP: 8/8
  5548 | Temple   | Entered the Ecumenical Temple
  5556 | Temple   | Became a worshipper of Gozag Ym Sagoz the Greedy
  5838 | D:5      | Found Reffeont's Book Boutique.
  6042 | D:5      | Identified the +1 whip of Makhleb's Favour {freeze, Int+6}
  6265 | D:5      | Killed gimp's ghost
  6916 | D:6      | Reached skill level 1 in Maces & Flails
  6943 | D:6      | Noticed Prince Ribbit
  7146 | D:6      | Identified the +8 chain mail of Theory {Rampage}
  7249 | D:6      | Noticed a gargoyle
  7283 | D:6      | Killed a gargoyle
  7439 | D:6      | Noticed a kobold demonologist
  7494 | D:6      | Killed Prince Ribbit
  7831 | D:6      | Gained mutation: You sometimes gain power by taking damage.
                  | [demonic ancestry]
  7831 | D:6      | Reached XP level 9. HP: 67/69 MP: 9/9
  7898 | D:6      | Found a shimmering blue altar of Sif Muna.
  8071 | D:6      | Reached skill level 5 in Dodging
  8152 | D:6      | Noticed Grinder
  8171 | D:6      | Killed Grinder
  8397 | D:6      | Killed a kobold demonologist
  8987 | D:7      | Reached skill level 5 in Armour
  9424 | D:7      | Noticed Menkaure
  9428 | D:7      | Killed Menkaure
  9480 | D:6      | Reached skill level 5 in Throwing
 10438 | D:7      | Gained mutation: You have a moderately thin skeletal
                  | structure. (Dex +4, Stealth++) [demonic ancestry]
 10438 | D:7      | Reached XP level 10. HP: 57/77 MP: 10/10
 10706 | D:7      | Found a hazy altar of Hepliaklqana.
 10707 | D:7      | Found a faded altar of an unknown god.
 11253 | D:3      | Killed Leeroy's ghost
 11401 | D:8      | Noticed Maggie
 12506 | D:8      | Reached skill level 5 in Evocations
 13468 | D:8      | Found Ripoint's General Store.
 13472 | D:8      | Bought a scroll of blinking for 97 gold pieces
 13472 | D:8      | Bought a scroll of summoning for 123 gold pieces
 13485 | D:8      | Noticed Erica
 13550 | D:8      | Killed Erica
 13993 | D:8      | Found a sparkling altar of Nemelex Xobeh.
 13993 | D:8      | Found an ancient bone altar of Kikubaaqudgha.
 14294 | D:8      | Killed Maggie
 15192 | D:9      | Reached skill level 5 in Shields
 15203 | D:9      | Gained mutation: A demonic guardian rushes to your aid.
                  | [demonic ancestry]
 15203 | D:9      | Reached XP level 11. HP: 85/85 MP: 11/11
 16046 | D:9      | Noticed a boulder beetle
 16065 | D:9      | Killed a boulder beetle
 16454 | D:10     | Entered Level 10 of the Dungeon
 16500 | D:10     | Found a flagged portal.
 16525 | Bailey   | Entered a bailey
 17375 | Bailey   | Noticed an orc knight
 17664 | Bailey   | Killed an orc knight
 18231 | D:10     | Found a snail-covered altar of Cheibriados.
 18253 | D:10     | Found a shadowy altar of Dithmenos.
 18381 | D:10     | Noticed a two-headed ogre
 18393 | D:10     | Killed a two-headed ogre
 19234 | D:11     | Found a staircase to the Orcish Mines.
 20110 | D:11     | Noticed a boulder beetle
 20110 | D:11     | Noticed Psyche
 20555 | D:11     | Reached skill level 5 in Axes
 20956 | D:11     | Killed Psyche
 21265 | D:11     | Found a staircase to the Lair.
 21584 | Lair:1   | Entered Level 1 of the Lair of Beasts
 21611 | D:11     | Gained mutation: You have an unnaturally thin skeletal
                  | structure. (Dex +6, Stealth+++) [demonic ancestry]
 21611 | D:11     | Reached XP level 12. HP: 86/94 MP: 12/12
 22380 | Lair:1   | Noticed a four-headed hydra
 22388 | Lair:1   | Killed a one-headed hydra
 22448 | Lair:1   | Noticed a seven-headed hydra
 22454 | Lair:1   | HP: 4/94 [eight-headed hydra (3)]
 22454 | Lair:1   | Mangled by an eight-headed hydra

Illustrated notes

Levels and vault maps discovered:
D:1:      dpeg_arrival_subterranean_lakeside_camping, layout_basic
D:2:      layout_basic, basic_altar, dreamdust_ecumenical_altar_grove
D:3:      layout_basic, gammafunk_ghost_arena
D:4:      layout_loops_ring, zin_scriptorium, nicolae_uskayaw_suspiria,
          minmay_lizard_king, uniq_blork_the_orc
D:5:      corexii_shantytown, layout_basic,
          minmay_temple_entry_drinking_statues, gammafunk_ghost_grave,
          serial_shops, shop_fountains
D:6:      layout_loops_corners, mainiacjoe_overflow_24_doors, uniq_grinder,
          uniq_prince_ribbit1
D:7:      layout_basic, beargit_hepliaklqana_dungeon_heroes, grunt_ministairs_6,
          uniq_menkaure
D:8:      layout_cave_pools, amethyst_overflow_temple_binary, serial_gnoll_camp,
          gnoll_camp_mini_shop, gnoll_camp_huts_basic, gnoll_camp_mini_hut,
          gnoll_camp_medium_01, minmay_ruffians, uniq_erica, uniq_maggie
D:9:      layout_small_grid, special_room [special_room_bee]
D:10:     layout_irregular_city, grunt_dithmenos_smoke_and_mirrors,
          kennysheep_mini_moat, enter_bailey_6, kb_lookout_dungeons_type,
          serial_bayou_lagoon_b
D:11:     layout_basic, minmay_lair_entry_grove, david_orc_3, uniq_psyche
Temple:   eino_temple_lava
Lair:1:   layout_chaotic_city, infiniplex_staircase_pool_2

Skill      XL: |  1  2  3  4  5  6  7  8  9 10 11 12 |
---------------+-------------------------------------+-----
Armour         | 1 2 3 4 5 6 7 8 |  8.1
Dodging        | 2 3 4 5 6 7 |  7.7
Throwing       | 1 2 3 4 5 6 7 |  7.2
Fighting       | 4 5 6 7 8 |  8.8
Shields        | 1 2 3 4 5 6 7 |  7.2
Evocations     | 1 2 4 5 6 7 |  7.1
Maces & Flails | 2 3 |  3.5
Axes           | 2 3 5 |  5.3
Stealth        | |  4.5

Action                   |  1- 3 |  4- 6 |  7- 9 | 10-12 || total
-------------------------+-------+-------+-------+-------++-------
Melee: Hand axe          |    32 |    73 |    78 |   619 ||   802
       Dagger            |       |   133 |   298 |       ||   431
       Whip              |       |       |   371 |       ||   371
       Broad axe         |       |       |       |   221 ||   221
       Scimitar          |       |       |       |     5 ||     5
 Fire: Hunting sling     |       |    28 |    72 |    30 ||   130
       Arbalest          |       |       |       |    40 ||    40
Throw: Dart              |    12 |    13 |    16 |    99 ||   140
       Boomerang         |       |       |       |    86 ||    86
       Throwing net      |       |       |       |     4 ||     4
Evoke: Wand              |       |     1 |       |    13 ||    14
  Use: Potion            |     1 |     2 |       |     2 ||     5
       Scroll            |       |     1 |     1 |    13 ||    15
 Stab: Distracted        |     1 |       |     1 |     6 ||     8
       Sleeping          |       |    18 |    11 |    12 ||    41
       Fleeing           |       |       |     2 |       ||     2
Armor: Leather armour    |     2 |       |       |       ||     2
       Ring mail         |     6 |    15 |       |       ||    21
       Scale mail        |       |    31 |   262 |   470 ||   763
       Skin              |       |     3 |       |       ||     3
Dodge: Dodged            |    11 |   101 |   285 |   640 ||  1037
       Repelled          |       |       |       |     3 ||     3
Block: Other             |     5 |     6 |       |       ||    11
       Buckler           |       |    73 |   256 |       ||   329
       Reflection        |       |       |     6 |       ||     6
       Kite shield       |       |       |       |   789 ||   789

Table legend: (Time is in decaauts)
 A = Elapsed time spent in this place.
 B = Non-inter-level travel time spent in this place.
 C = Inter-level travel time spent in this place.
 D = Time resting spent in this place.
 E = Time spent auto-exploring this place.
 F = Levels seen in this place.
 G = Mean time per level.
                   A        B        C        D        E       F      G
               +--------+--------+--------+--------+--------+-----+--------+
         Total |  22866 |  21913 |    953 |   2295 |  14266 |  14 | 1633.3 |
       Dungeon |  20753 |  19809 |    944 |   2169 |  12943 |  11 | 1886.6 |
        Temple |     16 |      8 |      8 |      0 |      0 |   1 |   16.0 |
          Lair |    691 |    691 |      0 |    126 |    335 |   1 |  691.0 |
        Bailey |   1405 |   1405 |      0 |      0 |    988 |   1 | 1405.0 |
               +--------+--------+--------+--------+--------+-----+--------+

Top non-repeatable levels by time:
     D:7: 2813 daAuts
     D:8: 2566 daAuts
     D:6: 2329 daAuts
     D:5: 2284 daAuts
    D:10: 2260 daAuts
     D:9: 2128 daAuts
     D:4: 1763 daAuts
    D:11: 1605 daAuts
  Bailey: 1405 daAuts
     D:3: 1267 daAuts
     D:2: 1044 daAuts
  Lair:1: 691 daAuts
     D:1: 689 daAuts
  Temple: 16 daAuts
